ITL
WABA DUCKS @ WISCONSIN TIMBER RATTLERS
07/18/2025
 
TOP OF THE 1ST
Waba Ducks batting - Pitching for Wisconsin Timber Rattlers : RHP Mark Tidwell
Pitching: RHP Mark Tidwell
Batting: RHB Don Keating 0-0: Ball
1-0: Swinging Strike
1-1: Ball
2-1: Foul Ball, location: 2F
2-2: Foul Ball, location: 2F
2-2: Foul Ball, location: 2F
2-2: Ball
3-2: Foul Ball, location: 2F
3-2: Foul Ball, location: 2F
3-2: Fly out, F6 (Popup, 6MD)
Batting: RHB Tokuhei Kobayashi 0-0: Called Strike
0-1: Fly out, F8 (Flyball, 8LS)
Batting: LHB José Berroa 0-0: Ball
1-0: Called Strike
1-1: Ball
2-1: Called Strike
2-2: Fly out, F8 (Flyball, 8LXD)
Top of the 1st over - 0 run(s), 0 hit(s), 0 error(s), 0 left on base; Waba 0 - Wisconsin 0
BOTTOM OF THE 1ST
Wisconsin Timber Rattlers batting - Pitching for Waba Ducks : RHP Will Huggins
Pitching: RHP Will Huggins
Batting: LHB Marv Walker 0-0: Called Strike
0-1: Ground out 1-3 (Groundball, 15S)
Batting: RHB Koin Tanaka 0-0: Foul Ball, location: 2F
0-1: Foul Ball, location: 2F
0-2: Ball
1-2: Ball
2-2: Ball
3-2: Strikes out swinging
Batting: RHB Murdoch Norton 0-0: Fly out, F9 (Flyball, 9M)
Bottom of the 1st over - 0 run(s), 0 hit(s), 0 error(s), 0 left on base; Waba 0 - Wisconsin 0
TOP OF THE 2ND
Waba Ducks batting - Pitching for Wisconsin Timber Rattlers : RHP Mark Tidwell
Batting: LHB Terry White 0-0: Swinging Strike
0-1: Ball
1-1: Ball
2-1: Foul Ball, location: 2F
2-2: Foul Ball, location: 2F
2-2: Ball
3-2: Base on Balls
Batting: RHB Pepe Medrano 0-0: Ball
1-0: Fly out, F2 (Popup, 2R)
Batting: RHB Ed Small 0-0: Called Strike
0-1: Foul Ball, location: 2F
0-2: Ball
1-2: Foul Ball, location: 2F
1-2: Foul Ball, location: 2F
1-2: Foul Ball, location: 2F
1-2: Foul Ball, location: 2F
1-2: Fly out, F5 (Line Drive, 5S)
Batting: LHB Joaquín González 0-0: Ball
1-0: Ball
2-0: SINGLE (Line Drive, 6MD)
Terry White to second
Batting: SHB Cisco Álvarez 0-0: Foul Ball, location: 2F
0-1: Ball
1-1: Ball
2-1: DOUBLE (Line Drive, 8RM)
Terry White scores
Joaquín González to third
Batting: RHB Alberto Sandoval 0-0: Foul Ball, location: 2F
0-1: Foul Ball, location: 2F
0-2: Ground out 1-3 (Groundball, 15S)
Top of the 2nd over - 1 run(s), 2 hit(s), 0 error(s), 2 left on base; Waba 1 - Wisconsin 0
BOTTOM OF THE 2ND
Wisconsin Timber Rattlers batting - Pitching for Waba Ducks : RHP Will Huggins
Batting: RHB Alfredo Padilla 0-0: Called Strike
0-1: Ball
1-1: Ground out 2-3 (Groundball, 25)
Batting: LHB Tony Ortíz 0-0: Called Strike
0-1: Ground out 2-3 (Groundball, 25)
Batting: RHB Vicente Vélez 0-0: Called Strike
0-1: Ball
1-1: Ball
2-1: Ball
3-1: Foul Ball, location: 2F
3-2: Base on Balls
Batting: RHB António Pérez 0-0: Hit by Pitch
Vicente Vélez to second
Batting: RHB Ulysse Bélisle 0-0: Ball
1-0: Foul Ball, location: 2F
1-1: Foul Ball, location: 2F
1-2: Hit by Pitch
Vicente Vélez to third
António Pérez to second
Batting: RHB Joseph Stone 0-0: Ball
1-0: Called Strike
1-1: Ball
2-1: Swinging Strike
2-2: Foul Ball, location: 2F
2-2: Ball
3-2: Strikes out swinging
Bottom of the 2nd over - 0 run(s), 0 hit(s), 0 error(s), 3 left on base; Waba 1 - Wisconsin 0
TOP OF THE 3RD
Waba Ducks batting - Pitching for Wisconsin Timber Rattlers : RHP Mark Tidwell
Batting: RHB Don Keating 0-0: Swinging Strike
0-1: Foul Ball, location: 2F
0-2: Ball
1-2: Ball
2-2: Foul Ball, location: 2F
2-2: Ball
3-2: Base on Balls
Batting: RHB Tokuhei Kobayashi 0-0: Called Strike
0-1: Foul Ball, location: 2F
0-2: Ball
1-2: Strikes out swinging
Batting: LHB José Berroa 0-0: Called Strike
0-1: DOUBLE (Line Drive, 78M)
Don Keating to third
Batting: LHB Terry White 0-0: Ball
1-0: Ball
2-0: Ball
3-0: Base on Balls
Batting: RHB Pepe Medrano 0-0: Foul Ball, location: 2F
0-1: Foul Ball, location: 2F
0-2: Ball
1-2: Foul Ball, location: 2F
1-2: SINGLE (Groundball, 5D)
Don Keating scores
José Berroa to third
Terry White to second
Runner from 3rd tries for Home, SAFE, throw made home
Terry White to third
Pepe Medrano to second
Batting: RHB Ed Small 0-0: Ball
1-0: DOUBLE (Line Drive, 78XD)
Terry White scores
Pepe Medrano scores
Batting: LHB Joaquín González 0-0: SINGLE (Groundball, 4MD)
Ed Small to third
Runner from 3rd tries for Home, SAFE, throw made home
Joaquín González to second
Batting: SHB Cisco Álvarez 0-0: Called Strike
0-1: Ball
1-1: Fly out, F8 (Line Drive, 8RM)
Batting: RHB Alberto Sandoval 0-0: Called Strike
0-1: Ball
1-1: Called Strike
1-2: Strikes out swinging
Top of the 3rd over - 5 run(s), 4 hit(s), 0 error(s), 1 left on base; Waba 6 - Wisconsin 0
BOTTOM OF THE 3RD
Wisconsin Timber Rattlers batting - Pitching for Waba Ducks : RHP Will Huggins
Batting: LHB Marv Walker 0-0: Ball
1-0: Called Strike
1-1: Called Strike
1-2: Foul Ball, location: 2F
1-2: Foul Ball, location: 2F
1-2: Foul Ball, location: 2F
1-2: Ball
2-2: Strikes out swinging
Batting: RHB Koin Tanaka 0-0: Ball
1-0: Called Strike
1-1: Ball
2-1: Swinging Strike
2-2: Strikes out swinging
Batting: RHB Murdoch Norton 0-0: Foul Ball, location: 2F
0-1: Foul Ball, location: 2F
0-2: Foul Ball, location: 2F
0-2: Ball
1-2: Foul Ball, location: 2F
1-2: Ground out 6-3 (Groundball, 6)
Bottom of the 3rd over - 0 run(s), 0 hit(s), 0 error(s), 0 left on base; Waba 6 - Wisconsin 0
TOP OF THE 4TH
Waba Ducks batting - Pitching for Wisconsin Timber Rattlers : RHP Mark Tidwell
Batting: RHB Don Keating 0-0: Called Strike
0-1: Ball
1-1: Foul Ball, location: 2F
1-2: Foul Ball, location: 2F
1-2: Ball
2-2: Ball
3-2: Foul Ball, location: 2F
3-2: Foul Ball, location: 2F
3-2: Foul Ball, location: 2F
3-2: Ground out 4-3 (Groundball, 4M)
Batting: RHB Tokuhei Kobayashi 0-0: Called Strike
0-1: Ball
1-1: Ball
2-1: Foul Ball, location: 2F
2-2: Foul Ball, location: 2F
2-2: Ball
3-2: Fly out, F7 (Flyball, 7D)
Batting: LHB José Berroa 0-0: Ball
1-0: Foul Ball, location: 2F
1-1: SINGLE (Line Drive, 78M)
Batting: LHB Terry White 0-0: Called Strike
0-1: Ball
1-1: Swinging Strike
1-2: Foul Ball, location: 2F
1-2: Ball
2-2: Foul Ball, location: 2F
2-2: Ball
3-2: Fly out, F8 (Line Drive, 78M)
Top of the 4th over - 0 run(s), 1 hit(s), 0 error(s), 1 left on base; Waba 6 - Wisconsin 0
BOTTOM OF THE 4TH
Wisconsin Timber Rattlers batting - Pitching for Waba Ducks : RHP Will Huggins
Batting: RHB Alfredo Padilla 0-0: Ground out 1-3 (Groundball, 13S)
Batting: LHB Tony Ortíz 0-0: Ball
1-0: Foul Ball, location: 2F
1-1: Ball
2-1: Foul Ball, location: 2F
2-2: Ground out 4-3 (Groundball, 4)
Batting: RHB Vicente Vélez 0-0: Called Strike
0-1: Ball
1-1: Ball
2-1: Swinging Strike
2-2: Strikes out swinging
Bottom of the 4th over - 0 run(s), 0 hit(s), 0 error(s), 0 left on base; Waba 6 - Wisconsin 0
TOP OF THE 5TH
Waba Ducks batting - Pitching for Wisconsin Timber Rattlers : RHP Mark Tidwell
Pitching: RHP Jerry Terry
Batting: RHB Pepe Medrano 0-0: Ball
1-0: Ground out 4-3 (Groundball, 4)
Batting: RHB Ed Small 0-0: Foul Ball, location: 2F
0-1: Swinging Strike
0-2: Ball
1-2: Foul Ball, location: 2F
1-2: Strikes out swinging
Batting: LHB Joaquín González 0-0: Fly out, F7 (Flyball, 78S)
Top of the 5th over - 0 run(s), 0 hit(s), 0 error(s), 0 left on base; Waba 6 - Wisconsin 0
BOTTOM OF THE 5TH
Wisconsin Timber Rattlers batting - Pitching for Waba Ducks : RHP Will Huggins
Batting: RHB António Pérez 0-0: Ball
1-0: Ball
2-0: Foul Ball, location: 2F
2-1: Fly out, F8 (Flyball, 8LS)
Batting: RHB Ulysse Bélisle 0-0: Ball
1-0: Fly out, F8 (Flyball, 78XD)
Batting: RHB Joseph Stone 0-0: Foul Ball, location: 2F
0-1: Ball
1-1: Foul Ball, location: 2F
1-2: Ground out 5-3 (Groundball, 5L)
Bottom of the 5th over - 0 run(s), 0 hit(s), 0 error(s), 0 left on base; Waba 6 - Wisconsin 0
TOP OF THE 6TH
Waba Ducks batting - Pitching for Wisconsin Timber Rattlers : RHP Jerry Terry
Batting: SHB Cisco Álvarez 0-0: Foul Ball, location: 2F
0-1: Ball
1-1: Foul Ball, location: 2F
1-2: Foul Ball, location: 2F
1-2: SINGLE (Groundball, 34)
Batting: RHB Alberto Sandoval 0-0: Grounds into double play, U4-3 (Groundball, 4)
Batting: RHB Don Keating 0-0: Ball
1-0: Ball
2-0: Foul Ball, location: 2F
2-1: Called Strike
2-2: Ball
3-2: Ground out 5-3 (Groundball, 56)
Top of the 6th over - 0 run(s), 1 hit(s), 0 error(s), 0 left on base; Waba 6 - Wisconsin 0
BOTTOM OF THE 6TH
Wisconsin Timber Rattlers batting - Pitching for Waba Ducks : RHP Will Huggins
Batting: LHB Marv Walker 0-0: Ball
1-0: Ball
2-0: DOUBLE (Line Drive, 3D)
Batting: RHB Koin Tanaka 0-0: Fly out, F8 (Flyball, 89M)
Batting: RHB Murdoch Norton 0-0: Called Strike
0-1: Ball
1-1: Foul Ball, location: 2F
1-2: Foul Ball, location: 2F
1-2: Strikes out swinging
Batting: RHB Alfredo Padilla 0-0: Ball
1-0: Ball
2-0: Ball
3-0: Base on Balls
Batting: LHB Tony Ortíz 0-0: Called Strike
0-1: Foul Ball, location: 2F
0-2: Ground out 3-1 (Groundball, 34)
Bottom of the 6th over - 0 run(s), 1 hit(s), 0 error(s), 2 left on base; Waba 6 - Wisconsin 0
TOP OF THE 7TH
Waba Ducks batting - Pitching for Wisconsin Timber Rattlers : RHP Jerry Terry
Pitching: RHP Jonas Malaret
Batting: RHB Tokuhei Kobayashi 0-0: Ball
1-0: Ball
2-0: Ball
3-0: Foul Ball, location: 2F
3-1: Base on Balls
Batting: LHB José Berroa 0-0: Ball
1-0: Called Strike
1-1: Foul Ball, location: 2F
1-2: Fly out, F9 (Flyball, 9S)
Batting: LHB Terry White 0-0: Foul Ball, location: 2F
0-1: Ball
1-1: Ball
2-1: Ball
3-1: Base on Balls
Tokuhei Kobayashi to second
Batting: RHB Pepe Medrano 0-0: Called Strike
0-1: Grounds into double play, 6-4-3 (Groundball, 6)
Top of the 7th over - 0 run(s), 0 hit(s), 0 error(s), 1 left on base; Waba 6 - Wisconsin 0
BOTTOM OF THE 7TH
Wisconsin Timber Rattlers batting - Pitching for Waba Ducks : RHP Will Huggins
Batting: RHB Vicente Vélez 0-0: Ground out 1-3 (Groundball, 15S)
Batting: RHB António Pérez 0-0: Foul Ball, location: 2F
0-1: SINGLE (Flyball, 7LS)
Batting: RHB Ulysse Bélisle 0-0: Fly out, F9 (Flyball, 89M)
Batting: RHB Joseph Stone 0-0: Called Strike
0-1: Ball
1-1: Ball
2-1: Foul Ball, location: 2F
2-2: Foul Ball, location: 2F
2-2: Strikes out swinging
Bottom of the 7th over - 0 run(s), 1 hit(s), 0 error(s), 1 left on base; Waba 6 - Wisconsin 0
TOP OF THE 8TH
Waba Ducks batting - Pitching for Wisconsin Timber Rattlers : RHP Jonas Malaret
Batting: RHB Ed Small 0-0: Swinging Strike
0-1: Ball
1-1: Ball
2-1: Fly out, F9 (Flyball, 9M)
Batting: LHB Joaquín González 0-0: Ball
1-0: Ball
2-0: SINGLE (Flyball, 6MD)
Batting: SHB Cisco Álvarez 0-0: Called Strike
0-1: Ball
1-1: Ball
2-1: Foul Ball, location: 2F
2-2: Strikes out swinging
Batting: RHB Alberto Sandoval 0-0: Fly out, F8 (Flyball, 8LS)
Top of the 8th over - 0 run(s), 1 hit(s), 0 error(s), 1 left on base; Waba 6 - Wisconsin 0
BOTTOM OF THE 8TH
Wisconsin Timber Rattlers batting - Pitching for Waba Ducks : RHP Will Huggins
Now at 3B: Ed Hunter
Batting: LHB Marv Walker 0-0: Ground out 4-3 (Groundball, 4M)
Batting: RHB Koin Tanaka 0-0: Called Strike
0-1: Swinging Strike
0-2: SINGLE (Line Drive, 4MD)
Pitching: RHP Yodo Nakagawa
Batting: RHB Murdoch Norton 0-0: SINGLE (Line Drive, 56D)
Koin Tanaka to second
Batting: RHB Alfredo Padilla 0-0: Ball
1-0: Ball
2-0: Swinging Strike
2-1: Grounds into double play, 6-4-3 (Groundball, 6)
Bottom of the 8th over - 0 run(s), 2 hit(s), 0 error(s), 1 left on base; Waba 6 - Wisconsin 0
TOP OF THE 9TH
Waba Ducks batting - Pitching for Wisconsin Timber Rattlers : RHP Jonas Malaret
Batting: RHB Don Keating 0-0: Called Strike
0-1: Ball
1-1: Foul Ball, location: 2F
1-2: Ball
2-2: SINGLE (Line Drive, 34D)
Batting: RHB Tokuhei Kobayashi 0-0: Sac Bunt - play at first, batter OUT! 2-3
Don Keating to second
Batting: LHB José Berroa 0-0: Called Strike
0-1: SINGLE (Groundball, 34D)
Don Keating to third
Runner from 3rd tries for Home, SAFE, no throw or cutoff
Batting: LHB Terry White 0-0: Ball
1-0: Ball
2-0: Ball
3-0: Base on Balls
José Berroa to second
Batting: RHB Pepe Medrano 0-0: SINGLE (Line Drive, 56D)
José Berroa to third
Terry White to second
Runner from 3rd tries for Home, SAFE, throw made home
Terry White to third
Pepe Medrano to second
Batting: SHB Ed Hunter 0-0: Ball
1-0: Swinging Strike
1-1: Fly out, F8 (Flyball, 78M)
Runner from 3rd tags up, SCORES, throw made
Batting: LHB Joaquín González 0-0: Ball
1-0: Ball
2-0: Ball
3-0: Called Strike
3-1: Fly out, F9 (Flyball, 9S)
Top of the 9th over - 3 run(s), 3 hit(s), 0 error(s), 1 left on base; Waba 9 - Wisconsin 0
BOTTOM OF THE 9TH
Wisconsin Timber Rattlers batting - Pitching for Waba Ducks : RHP Yodo Nakagawa
Now at 1B: Rob Scott
Batting: LHB Tony Ortíz 0-0: Ball
1-0: Ball
2-0: Ball
3-0: Called Strike
3-1: Called Strike
3-2: Foul Ball, location: 2F
3-2: Fly out, F4 (Line Drive, 34)
Batting: RHB Vicente Vélez 0-0: Ball
1-0: Swinging Strike
1-1: SINGLE (Line Drive, 34D)
Batting: RHB António Pérez 0-0: Ball
1-0: Swinging Strike
1-1: Called Strike
1-2: Ball
2-2: Ball
3-2: Strikes out swinging
Batting: RHB Ulysse Bélisle 0-0: Ball
1-0: Ground out 4-3 (Groundball, 34)
Bottom of the 9th over - 0 run(s), 1 hit(s), 0 error(s), 1 left on base; Waba 9 - Wisconsin 0
This league is powered by Out of the Park Baseball, the baseball management simulation game for PC, Mac and Linux
Tuesday, August 2nd, 2016 - OOTP Baseball 16.8 Build 38